[Event "Titled Tuesday Blitz May 2 Late 2023"]
[White "Nasir, Zehn"]
[Black "Sanal, Vahap"]
[WhiteFideId "2613239"]
[BlackFideId "6300545"]
[WhiteElo "1993"]
[BlackElo "2606"]
[Result "0-1"]
[Round "05"]
[TimeControl "180+2"]
[Date "2023.05.02"]
[WhiteClock "0:01:20"]
[BlackClock "0:02:34"]

1. d4 Nf6 2. Bf4 g6 3. Nc3 Bg7 4. e4 O-O 5. e5 Ne8 6. Qd2 d6 7. Nf3 Bg4 8. exd6 cxd6 9. Be2 Nc6 10. d5 Bxf3 11. Bxf3 Ne5 12. Be2 Rc8 13. Bh6 Bxh6 14. Qxh6 Qb6 15. O-O-O Nf6 16. f4 Neg4 17. Bxg4 Nxg4 18. Qh4 Nf2 19. Qxe7 Nxh1 20. Rxh1 Rfe8 21. Qf6 Qe3+ 22. Kd1 Rc4 23. Nb5 Qe2+ 24. Kc1 Qxc2# 0-1


[Site "https://www.chess.com"]

[Event "Titled Tuesday Blitz May 2 Late 2023"]
[White "Simonian, Hrair"]
[Black "Sargsyan, Shant"]
[WhiteFideId "13302337"]
[BlackFideId "13306766"]
[WhiteElo "2447"]
[BlackElo "2628"]
[Result "0-1"]
[Round "05"]
[TimeControl "180+2"]
[Date "2023.05.02"]
[WhiteClock "0:00:10"]
[BlackClock "0:01:07"]

1. e4 g5 2. d4 Bg7 3. Nc3 h6 4. h4 gxh4 5. Nf3 d6 6. Nxh4 Nc6 7. Be3 e5 8. Bb5 Bd7 9. d5 Nce7 10. Qg4 Bf6 11. Nf3 c6 12. dxc6 bxc6 13. Qh5 cxb5 14. O-O-O Qc7 15. Nh4 b4 16. Nd5 Nxd5 17. Rxd5 Be6 18. Nf5 Bxd5 19. exd5 Ne7 20. Nxh6 Ng6 21. Qf5 Bg7 22. g4 Qd7 23. Qf3 Bxh6 24. Bxh6 O-O-O 25. g5 Nf4 26. Re1 Kb8 27. Re4 a5 28. a3 Rc8 29. axb4 Qa4 30. c3 f5 31. Qe3 Qb5 32. Rxf4 exf4 33. Qe7 axb4 34. Qxd6+ Ka8 35. Bg7 bxc3 36. Bxc3 Rxc3+ 37. bxc3 Rh1+ 38. Kc2 Qb1+ 0-1


[Site "https://www.chess.com"]

[Event "Titled Tuesday Blitz May 2 Late 2023"]
[White "Ter-Sahakyan, Samvel"]
[Black "Osinenko, Anton"]
[WhiteFideId "13302531"]
[BlackFideId "4158970"]
[WhiteElo "2566"]
[BlackElo "2294"]
[Result "1-0"]
[Round "05"]
[TimeControl "180+2"]
[Date "2023.05.02"]
[WhiteClock "0:00:33"]
[BlackClock "0:00:02"]

1. d4 Nf6 2. Nf3 b6 3. c4 Bb7 4. Nc3 d5 5. cxd5 Nxd5 6. Bg5 h6 7. Bh4 g5 8. Bg3 Bg7 9. e3 O-O 10. h4 g4 11. Ne5 h5 12. Bc4 Nxc3 13. bxc3 Nd7 14. Ng6 Re8 15. Nf4 Nf6 16. O-O e6 17. a4 Qe7 18. a5 Red8 19. Qb3 Bh6 20. Rfe1 Bg7 21. Kh2 Bf8 22. Qc2 Be4 23. Qb2 Bg7 24. Nd3 Bd5 25. Bxd5 Nxd5 26. e4 Nf6 27. Nf4 e5 28. dxe5 Qxe5 29. Nd5 Qe6 30. Nxc7 Qc6 31. Nxa8 Nxe4 32. Rxe4 Qxe4 33. axb6 axb6 34. Nxb6 f5 35. Ra4 Qe1 36. Qb3+ Kh8 37. Qf7 f4 38. Qxh5+ Kg8 39. Bxf4 Qxf2 40. Qxg4 Rf8 41. Nd5 Kh8 42. Qh5+ Kg8 43. Ne7# 1-0


[Site "https://www.chess.com"]

[Event "Titled Tuesday Blitz May 2 Late 2023"]
[White "Ibarra Jerez, Jose Carlos"]
[Black "Pantev, Veselin"]
[WhiteFideId "2226332"]
[BlackFideId "2901390"]
[WhiteElo "2638"]
[BlackElo "2427"]
[Result "1-0"]
[Round "05"]
[TimeControl "180+2"]
[Date "2023.05.02"]
[WhiteClock "0:02:00"]
[BlackClock "0:01:30"]

1. e4 c6 2. Nf3 d5 3. d3 Bg4 4. h3 Bxf3 5. Qxf3 e6 6. g3 Nd7 7. Bg2 Ngf6 8. O-O Qb6 9. exd5 cxd5 10. c4 Bd6 11. Nc3 Ne5 12. Qe2 dxc4 13. dxc4 O-O 14. Nb5 Bb8 15. Be3 Qa6 16. Bc5 Re8 17. Rfd1 Nc6 18. b4 Qa4 19. Rab1 Be5 20. Rd3 a6 21. Ra3 axb5 22. Rxa4 bxa4 23. Bxc6 1-0


[Site "https://www.chess.com"]

[Event "Titled Tuesday Blitz May 2 Late 2023"]
[White "Madaminov, Mukhiddin"]
[Black "Mendez Fortes, Eduardo Jesus"]
[WhiteFideId "14210703"]
[BlackFideId "3502376"]
[WhiteElo "2511"]
[BlackElo "2307"]
[Result "0-1"]
[Round "05"]
[TimeControl "180+2"]
[Date "2023.05.02"]
[WhiteClock "0:00:02"]
[BlackClock "0:00:04"]

1. d4 Nf6 2. Nc3 d5 3. Bf4 e6 4. Nb5 Na6 5. e3 Be7 6. Nf3 O-O 7. Be2 c6 8. Nc3 Nb8 9. O-O b5 10. Bd3 Bb7 11. Ne2 Nbd7 12. Ng3 a6 13. a4 b4 14. c4 bxc3 15. bxc3 c5 16. a5 Bc6 17. Qe2 Ne4 18. h4 Nxc3 19. Qc2 Ne4 20. Nxe4 dxe4 21. Bxe4 Bxe4 22. Qxe4 Bxh4 23. Rfb1 cxd4 24. Nxd4 Bf6 25. Nc6 Qe8 26. Ra2 Nc5 27. Qf3 e5 28. Bxe5 Bxe5 29. Qd5 Ne4 30. Qxe5 Qxe5 31. Nxe5 Nc3 32. Rba1 Nxa2 33. Rxa2 Rac8 34. Rb2 Rfd8 35. Rb6 Rc1+ 36. Kh2 f6 37. Nc6 Rd7 38. Rxa6 Kf7 39. Rb6 h5 40. a6 h4 41. Rb7 Ke6 42. Nd4+ Kd6 43. Nf5+ Kc6 44. Ne7+ Kd6 45. Nf5+ Kc6 46. Nd4+ Kd6 47. Rb8 Ra1 48. a7 Rdxa7 49. Nb5+ Ke5 50. Nxa7 Rxa7 51. Rb5+ Ke4 52. Kh3 g5 53. Kg4 Ra2 54. Rf5 Ra1 55. Rxf6 Rg1 56. Kxg5 h3 57. Rf4+ Ke5 58. Rf5+ Ke6 59. Rf6+ Ke5 60. Rh6 Rxg2+ 61. Kh4 h2 62. Rh5+ Ke4 63. f3+ Kxf3 64. Rf5+ Ke2 0-1


[Site "https://www.chess.com"]

[Event "Titled Tuesday Blitz May 2 Late 2023"]
[White "Baskin, Robert"]
[Black "Yoo, Christopher Woojin"]
[WhiteFideId "24662402"]
[BlackFideId "30909694"]
[WhiteElo "2472"]
[BlackElo "2519"]
[Result "0-1"]
[Round "05"]
[TimeControl "180+2"]
[Date "2023.05.02"]
[WhiteClock "0:01:16"]
[BlackClock "0:01:30"]

1. e4 c5 2. Nf3 d6 3. d4 cxd4 4. Nxd4 Nf6 5. Nc3 Nc6 6. Bg5 e6 7. Qd3 a6 8. Nxc6 bxc6 9. O-O-O Be7 10. Qg3 Qb6 11. Bc4 Qc5 12. Be2 Nh5 13. Bxh5 Qxg5+ 14. Qxg5 Bxg5+ 15. Kb1 Ke7 16. h4 Bf6 17. Na4 Rb8 18. Be2 Rb4 19. b3 Rxe4 20. Bf3 Rxh4 21. Rhe1 d5 22. Nb6 Bb7 23. c4 Rd4 24. Rc1 Rd2 25. Rc2 Rxc2 26. Kxc2 Bd4 0-1


[Site "https://www.chess.com"]

[Event "Titled Tuesday Blitz May 2 Late 2023"]
[White "Zhigalko, Sergei"]
[Black "Lee, Linden"]
[WhiteFideId "13502956"]
[BlackFideId "30941830"]
[WhiteElo "2626"]
[BlackElo "1985"]
[Result "1-0"]
[Round "05"]
[TimeControl "180+2"]
[Date "2023.05.02"]
[WhiteClock "0:00:39"]
[BlackClock "0:00:05"]

1. e4 c6 2. d4 d5 3. e5 Bf5 4. Nf3 e6 5. Be2 Ne7 6. O-O Bg6 7. Nbd2 c5 8. dxc5 Nf5 9. Nb3 Nd7 10. c4 Bxc5 11. cxd5 exd5 12. Qxd5 Ne7 13. Qxb7 O-O 14. Rd1 Bf5 15. Bg5 Rb8 16. Qa6 Rb6 17. Qa5 Bb4 18. Qxa7 f6 19. exf6 gxf6 20. Be3 Rb8 21. Nfd4 Nc8 22. Qa4 Bg6 23. Ne6 Qc7 24. Nxc7 1-0


[Site "https://www.chess.com"]

[Event "Titled Tuesday Blitz May 2 Late 2023"]
[White "Zarubitski, Viachaslau"]
[Black "Bachmann, Axel"]
[WhiteFideId "13509373"]
[BlackFideId "3700488"]
[WhiteElo "2284"]
[BlackElo "2605"]
[Result "0-1"]
[Round "05"]
[TimeControl "180+2"]
[Date "2023.05.02"]
[WhiteClock "0:00:02"]
[BlackClock "0:00:35"]

1. e4 Nc6 2. Nf3 d6 3. d4 Nf6 4. d5 Nb8 5. Bd3 c6 6. c4 Bg4 7. O-O g6 8. h3 Bxf3 9. Qxf3 Bg7 10. Nc3 O-O 11. Qe2 Na6 12. Be3 Nd7 13. Rad1 Nac5 14. Bb1 a5 15. f4 a4 16. e5 Qc7 17. Qf2 a3 18. b4 Na4 19. Nxa4 Rxa4 20. e6 fxe6 21. dxe6 Nf6 22. f5 Rxb4 23. fxg6 Rxc4 24. gxh7+ Kh8 25. Qf5 Qc8 26. Rd4 Rc5 27. Qg6 Qxe6 28. Re4 Re5 29. Bh6 Bxh6 30. Qxh6 Qf7 31. Rg4 Rh5 32. Qc1 Qd5 33. Rg6 Qc5+ 34. Kh1 Qxc1 35. Rxc1 Rxh7 36. Rg3 Rhf7 37. Rxa3 Nd5 38. Kh2 Rf2 39. Be4 Nf4 40. Rb1 Rg8 0-1


[Site "https://www.chess.com"]

[Event "Titled Tuesday Blitz May 2 Late 2023"]
[White "Babazada, Khazar"]
[Black "Msellek, Ilyass"]
[WhiteFideId "13413554"]
[BlackFideId "675938"]
[WhiteElo "2351"]
[BlackElo "2302"]
[Result "1-0"]
[Round "05"]
[TimeControl "180+2"]
[Date "2023.05.02"]
[WhiteClock "0:00:43"]
[BlackClock "0:00:01"]

1. Nf3 Nf6 2. g3 g6 3. Bg2 Bg7 4. O-O O-O 5. d3 d6 6. Nbd2 a5 7. e4 a4 8. Qe2 Nfd7 9. a3 b5 10. d4 Ba6 11. Rd1 Nc6 12. c3 b4 13. Qe3 bxc3 14. bxc3 Na5 15. h4 Nb6 16. h5 Nbc4 17. Nxc4 Nxc4 18. Qf4 e5 19. dxe5 Nxe5 20. h6 Nxf3+ 21. Qxf3 Bh8 22. e5 Bxe5 23. Qxa8 Qxa8 24. Bxa8 Rxa8 25. Be3 Bxc3 26. Rac1 Ba5 27. Rd4 Bb5 28. Rd5 Rb8 29. Rb1 c6 30. Rxd6 Bc7 31. Rd7 Be5 32. Bd4 Bxd4 33. Rxd4 Kf8 34. Rbd1 Ke7 35. Rd7+ Kf6 36. Rd8 Rb7 37. R1d7 Rxd7 38. Rxd7 g5 39. Kg2 Kg6 40. Rd6+ f6 41. Kf3 Bc4 42. Ke3 Bd5 43. Kd4 Kxh6 44. Rxf6+ Kh5 45. f3 g4 46. f4 h6 47. Ke5 Bf3 48. f5 c5 49. Rf8 c4 50. f6 c3 51. f7 Bb7 52. Rg8 c2 53. f8=Q Bd5 54. Qe8+ Bf7 55. Qxf7# 1-0


[Site "https://www.chess.com"]

[Event "Titled Tuesday Blitz May 2 Late 2023"]
[White "Maze, Sebastien"]
[Black "Quesada Perez, Yasser"]
[WhiteFideId "613762"]
[BlackFideId "3509362"]
[WhiteElo "2462"]
[BlackElo "2496"]
[Result "1/2-1/2"]
[Round "05"]
[TimeControl "180+2"]
[Date "2023.05.02"]
[WhiteClock "0:00:05"]
[BlackClock "0:00:22"]

1. e4 d5 2. exd5 Nf6 3. d4 Bg4 4. Be2 Bxe2 5. Qxe2 Qxd5 6. Nf3 e6 7. c4 Qe4 8. Nc3 Qxe2+ 9. Kxe2 Nc6 10. Bf4 O-O-O 11. Rhd1 Bb4 12. Rac1 Rd7 13. a3 Bxc3 14. Rxc3 Rhd8 15. Rcd3 a5 16. b3 Nh5 17. Bg5 f6 18. Be3 g5 19. h3 h6 20. g4 Nf4+ 21. Bxf4 gxf4 22. R1d2 b6 23. Rd1 Kb7 24. R1d2 Ka6 25. Rd1 a4 26. b4 b5 27. cxb5+ Kxb5 28. Rc1 Nxd4+ 29. Nxd4+ Rxd4 30. Rxd4 Rxd4 31. Rxc7 e5 32. Rc5+ Kb6 33. f3 h5 34. gxh5 Rd7 35. Ra5 Rh7 36. Rxa4 Rxh5 37. Ra8 Rxh3 38. a4 Rh2+ 39. Kd3 Rf2 40. Ke4 Re2+ 41. Kf5 Re3 42. Kxf6 e4 43. fxe4 Rxe4 44. b5 f3 45. Kg5 Re5+ 46. Kg4 f2 47. Ra6+ Kb7 48. Rf6 Re4+ 49. Kg3 Rxa4 50. Kxf2 Rb4 51. Ke3 Rxb5 52. Kd4 Rb4+ 53. Kc3 1/2-1/2


[Site "https://www.chess.com"]

[Event "Titled Tuesday Blitz May 2 Late 2023"]
[White "Koziorowicz, Michal"]
[Black "Remizov, Yaroslav"]
[WhiteFideId "21809194"]
[BlackFideId "34134015"]
[WhiteElo "2255"]
[BlackElo "2412"]
[Result "1-0"]
[Round "05"]
[TimeControl "180+2"]
[Date "2023.05.02"]
[WhiteClock "0:00:28"]
[BlackClock "0:00:15"]

1. e4 c5 2. Nf3 e6 3. g3 Nc6 4. Bg2 g6 5. O-O Bg7 6. Re1 Nge7 7. c3 d5 8. exd5 Nxd5 9. d4 cxd4 10. Nxd4 Nxd4 11. cxd4 O-O 12. Nc3 Nb6 13. Be3 Nc4 14. Qb3 Nxe3 15. fxe3 h5 16. Rac1 h4 17. Ne4 Rb8 18. Rf1 b6 19. Rf4 hxg3 20. hxg3 Bb7 21. Kf2 g5 22. Rg4 Bd5 23. Qd1 f5 24. Kg1 fxg4 25. Qxg4 Rc8 26. Nc3 Bxg2 27. Qxe6+ Rf7 28. Kxg2 Qe8 29. Qd5 Rd8 30. Qxg5 Qe7 31. Qxe7 Rxe7 32. Nd1 Bh6 33. Rc3 Rdd7 34. Kf3 Rf7+ 35. Ke2 Rc7 36. e4 Rxc3 37. bxc3 Kf8 38. Nf2 Bd2 39. Nd1 Bc1 40. e5 Ke7 41. Nf2 Ke6 42. Ne4 Kd5 43. Nf6+ Kc4 44. Ne4 Bb2 45. Ke3 b5 46. Nd6+ Kxc3 47. Nxf7 Kc4 48. Nd6+ Kd5 49. Nxb5 a5 50. Kd3 a4 51. Nc3+ Kc6 52. Nxa4 Bc1 53. Nc3 Bg5 54. Kc4 Be3 55. d5+ Kb6 56. Ne4 Bc1 57. e6 Kc7 58. g4 Kd8 59. a4 Ke7 60. a5 Be3 61. a6 Kf8 62. Kb5 Ke7 63. Kc6 Kf8 64. Kb7 Ke7 65. a7 Bxa7 66. Ka8 Kf8 67. Kxa7 Kg7 68. Kb7 Kg6 69. Kc7 Kg7 70. d6 Kg6 71. d7 Kh6 72. d8=Q Kg7 73. Qf6+ Kg8 74. Kd7 Kh7 75. Ng5+ Kg8 76. Qf7+ Kh8 77. Qf8# 1-0


[Site "https://www.chess.com"]

[Event "Titled Tuesday Blitz May 2 Late 2023"]
[White "Seemann, Jakub"]
[Black "Grigorov, Grigor"]
[WhiteFideId "21874697"]
[BlackFideId "2907313"]
[WhiteElo "2364"]
[BlackElo "2510"]
[Result "1-0"]
[Round "05"]
[TimeControl "180+2"]
[Date "2023.05.02"]
[WhiteClock "0:01:24"]
[BlackClock "0:00:43"]

1. d4 Nf6 2. c4 e6 3. Nf3 b6 4. g3 Bb7 5. Bg2 Be7 6. O-O O-O 7. Nc3 Ne4 8. Bd2 Bf6 9. Qc2 Nxd2 10. Qxd2 d6 11. e4 Nd7 12. Rfe1 g6 13. Rad1 Bg7 14. h4 Qe7 15. h5 Rfd8 16. h6 Bf8 17. Qe3 Nf6 18. Qf4 Kh8 19. e5 Nh5 20. Qe3 dxe5 21. Nxe5 Bxg2 22. Kxg2 Qe8 23. g4 f6 24. gxh5 fxe5 25. Qxe5+ Kg8 26. Ne4 Be7 27. Qg7# 1-0


[Site "https://www.chess.com"]

[Event "Titled Tuesday Blitz May 2 Late 2023"]
[White "Holt, Conrad"]
[Black "Jarmula, Lukasz"]
[WhiteFideId "2034387"]
[BlackFideId "1160664"]
[WhiteElo "2592"]
[BlackElo "2372"]
[Result "1-0"]
[Round "05"]
[TimeControl "180+2"]
[Date "2023.05.02"]
[WhiteClock "0:00:29"]
[BlackClock "0:00:13"]

1. d4 d6 2. c4 e5 3. e3 exd4 4. exd4 g6 5. Nc3 Bg7 6. Nf3 Ne7 7. Be2 Bg4 8. h3 Bxf3 9. Bxf3 Nbc6 10. d5 Ne5 11. O-O O-O 12. Be2 Nf5 13. Kh1 Qh4 14. Bg4 Nxg4 15. Qxg4 Bxc3 16. bxc3 Qf6 17. Qf3 Qh4 18. Qg4 Rfe8 19. Bg5 Qxg4 20. hxg4 Ne7 21. Rfe1 Kf8 22. Bh6+ Kg8 23. Re3 f6 24. Rf3 Kf7 25. Rd1 Ng8 26. Bf4 Re4 27. Rd4 Re1+ 28. Kh2 Ra1 29. c5 dxc5 30. Ra4 Ne7 31. c4 b5 32. Ra5 bxc4 33. Rxc5 Rd8 34. Rxc7 Kf8 35. Bh6+ Ke8 36. Rxf6 Nxd5 37. Rf8# 1-0


[Site "https://www.chess.com"]

[Event "Titled Tuesday Blitz May 2 Late 2023"]
[White "Kanakaris, Georgios"]
[Black "Kobo, Ori"]
[WhiteFideId "4209460"]
[BlackFideId "2812320"]
[WhiteElo "2291"]
[BlackElo "2447"]
[Result "0-1"]
[Round "05"]
[TimeControl "180+2"]
[Date "2023.05.02"]
[WhiteClock "0:00:01"]
[BlackClock "0:00:14"]

1. d4 d5 2. c4 e6 3. Nf3 Nf6 4. e3 b6 5. b3 Bb7 6. Bd3 Bb4+ 7. Nbd2 dxc4 8. bxc4 c5 9. O-O O-O 10. Nb3 cxd4 11. exd4 Nbd7 12. Bb2 Rc8 13. Qe2 Re8 14. Rad1 Bf8 15. Ne5 g6 16. f4 Bg7 17. a4 Qc7 18. a5 Ba6 19. axb6 Qxb6 20. Ra1 Bb7 21. Na5 Ba8 22. Rfb1 Qc7 23. Bc1 Nb6 24. Be3 Rb8 25. Rb2 Nh5 26. Rab1 Bh6 27. Qd2 Nf6 28. Nb3 Be4 29. Nc5 Bxd3 30. Qxd3 Rbd8 31. Qe2 Bf8 32. Na6 Qc8 33. c5 Nbd5 34. Nb4 Nxb4 35. Rxb4 Nd5 36. Rb7 Re7 37. Rxe7 Bxe7 38. g3 Nc3 39. Qc2 Nxb1 40. Qxb1 Bf6 41. Nc4 Bxd4 42. Bxd4 Rxd4 43. Nd6 Rxd6 44. cxd6 Qc5+ 45. Kg2 Qxd6 46. Qb2 Qd5+ 47. Kf2 a5 48. Qb8+ Kg7 0-1


[Site "https://www.chess.com"]

[Event "Titled Tuesday Blitz May 2 Late 2023"]
[White "Pakleza, Zbigniew"]
[Black "Kjartansson, David"]
[WhiteFideId "1119290"]
[BlackFideId "2301130"]
[WhiteElo "2410"]
[BlackElo "2333"]
[Result "1-0"]
[Round "05"]
[TimeControl "180+2"]
[Date "2023.05.02"]
[WhiteClock "0:00:20"]
[BlackClock "0:00:07"]

1. d4 d6 2. Nf3 Nf6 3. Bf4 Nbd7 4. h3 g6 5. e3 Bg7 6. Be2 O-O 7. O-O Qe8 8. c4 e5 9. Bh2 Ne4 10. Nbd2 Nxd2 11. Qxd2 f5 12. Qa5 e4 13. Nd2 Qd8 14. c5 dxc5 15. Bxc7 Qe7 16. Nb3 b6 17. Qa4 Bb7 18. Rac1 Rfc8 19. Bg3 Kh8 20. Bb5 Nf6 21. dxc5 bxc5 22. Rfd1 Nh5 23. Bd6 Qg5 24. Nxc5 Rxc5 25. Rxc5 a6 26. Bc6 Bxc6 27. Qxc6 Rg8 28. Qxa6 Nf6 29. Be5 Qh5 30. Rdc1 Ne8 31. Qe6 Qe2 32. a4 1-0


[Site "https://www.chess.com"]

[Event "Titled Tuesday Blitz May 2 Late 2023"]
[White "Benedetti, Julio"]
[Black "Santos Ruiz, Miguel"]
[WhiteFideId "172545"]
[BlackFideId "22291482"]
[WhiteElo "2263"]
[BlackElo "2504"]
[Result "1-0"]
[Round "05"]
[TimeControl "180+2"]
[Date "2023.05.02"]
[WhiteClock "0:00:07"]
[BlackClock "0:00:03"]

1. e4 c5 2. Nc3 a6 3. a4 d6 4. f4 g6 5. Nf3 Bg7 6. Bc4 Nc6 7. d3 e6 8. f5 Nf6 9. O-O gxf5 10. Qe1 Ne7 11. exf5 Nxf5 12. Ne4 d5 13. Ng3 Nxg3 14. Qxg3 Rg8 15. Bb3 Bf8 16. Bg5 Be7 17. Qh4 Qb6 18. Bxf6 c4+ 19. Kh1 Bxf6 20. Qxf6 cxb3 21. Ne5 Qc7 22. cxb3 Qe7 23. Qf4 f6 24. Ng4 f5 25. Ne5 Qg5 26. Qf2 Bd7 27. Rae1 O-O-O 28. g3 Kb8 29. Qb6 Ka8 30. Rc1 Bc8 31. Rc7 Rg7 32. Nc6 Qe3 33. Qxe3 1-0


[Site "https://www.chess.com"]

[Event "Titled Tuesday Blitz May 2 Late 2023"]
[White "Mortazavi, Ali"]
[Black "Krzyzanowski, Marcin"]
[WhiteFideId "401323"]
[BlackFideId "1132199"]
[WhiteElo "2339"]
[BlackElo "2471"]
[Result "1-0"]
[Round "05"]
[TimeControl "180+2"]
[Date "2023.05.02"]
[WhiteClock "0:00:15"]
[BlackClock "0:00:03"]

1. Nf3 c5 2. e4 Nc6 3. d3 e5 4. g3 d6 5. Bg2 g6 6. O-O Bg7 7. a3 Nge7 8. b4 cxb4 9. axb4 Nxb4 10. Ba3 Nbc6 11. Nbd2 Be6 12. Ng5 O-O 13. Nxe6 fxe6 14. Bh3 Qd7 15. Rb1 Kh8 16. Nc4 d5 17. exd5 Qxd5 18. Rxb7 Qd8 19. Bg2 Rf5 20. Bxe7 Nxe7 21. Rxe7 Qxe7 22. Bxa8 a5 23. Be4 Rf8 24. Nxa5 Qf6 25. Qb1 h5 26. Qd1 Bh6 27. h4 Kg7 28. Nc4 Kh8 29. Qa1 Bg7 30. Qc1 Kh7 31. Qg5 Qxg5 32. hxg5 h4 33. gxh4 Rf4 34. h5 Rg4+ 35. Kh2 Kg8 36. Bxg6 e4 37. Bxe4 Rxg5 38. Bg6 Kf8 39. Rb1 Bh6 40. Rb7 Rg4 41. Rf7+ Kg8 42. Re7 Bf4+ 43. Kh3 Rg1 44. Rxe6 Kg7 45. Re7+ Kh6 46. Re4 Bc7 47. Ne5 Kg5 48. Nf3+ Kh6 49. Nxg1 Bd6 50. f4 Be7 51. Re6 Bf6 52. Be4 Kg7 53. Rxf6 Kh8 54. c4 Kg7 55. Rc6 Kf7 56. h6 Kg8 57. Rc7 Kh8 58. Rd7 Kg8 59. h7+ Kf8 60. h8=Q# 1-0


[Site "https://www.chess.com"]

[Event "Titled Tuesday Blitz May 2 Late 2023"]
[White "Mustafayev, Farid"]
[Black "Szpar, Milosz"]
[WhiteFideId "13408771"]
[BlackFideId "1184989"]
[WhiteElo "2237"]
[BlackElo "2436"]
[Result "1-0"]
[Round "05"]
[TimeControl "180+2"]
[Date "2023.05.02"]
[WhiteClock "0:00:15"]
[BlackClock "0:00:04"]

1. c4 e5 2. g3 Nf6 3. Bg2 c6 4. d4 exd4 5. Qxd4 Na6 6. Nf3 d5 7. O-O Nb4 8. Na3 Be7 9. Bf4 O-O 10. Rfd1 h6 11. Be5 Be6 12. cxd5 Nbxd5 13. e4 Nb6 14. Qc3 Qc8 15. Nd4 Bg4 16. f3 Be6 17. Rac1 Re8 18. Nb1 a5 19. b3 a4 20. Qe3 axb3 21. axb3 Nbd7 22. Nxe6 Nxe5 23. Nd4 Bd8 24. Nf5 Bc7 25. h3 Qb8 26. f4 Ng6 27. e5 Nxe5 28. fxe5 Rxe5 29. Qf3 Rxf5 30. Qxf5 Bxg3 31. Nc3 Qa7+ 32. Kh1 Re8 33. Ne4 Nxe4 34. Bxe4 g6 35. Qf3 Be5 36. Rd7 Rf8 37. Rf1 Qa2 38. Rf2 Qa1+ 39. Kg2 Qc1 40. Rxf7 Qg5+ 41. Kh1 Qc1+ 42. Rf1 Qxf1+ 43. Qxf1 Rxf7 44. Qc4 Kg7 45. Qe6 Bf6 46. Qg4 Bg5 47. h4 Rf4 48. Qd7+ Rf7 49. Qe6 Bf6 50. Qg4 g5 51. h5 Be5 52. Qe6 Bf6 53. Qf5 Kf8 54. Qg6 Bg7 55. Bf5 Rf6 56. Qh7 b5 57. Kg2 c5 58. Bd3 c4 59. bxc4 bxc4 60. Bxc4 1-0


[Site "https://www.chess.com"]

[Event "Titled Tuesday Blitz May 2 Late 2023"]
[White "Risteski, Emil"]
[Black "Tanenbaum, Zachary"]
[WhiteFideId "15005267"]
[BlackFideId "2060850"]
[WhiteElo "2251"]
[BlackElo "2175"]
[Result "0-1"]
[Round "05"]
[TimeControl "180+2"]
[Date "2023.05.02"]
[WhiteClock "0:00:05"]
[BlackClock "0:00:12"]

1. c4 e5 2. Nc3 Nf6 3. Nf3 Nc6 4. e3 Bb4 5. Qb3 Bxc3 6. Qxc3 Qe7 7. d3 d5 8. cxd5 Nxd5 9. Qc2 Ndb4 10. Qb1 Bf5 11. a3 e4 12. axb4 exf3 13. gxf3 Ne5 14. Be2 Qxb4+ 15. Bd2 Qd6 16. e4 Bh3 17. Rg1 O-O 18. Bc3 Ng6 19. Qc1 Qxh2 20. Qg5 f6 21. Qg3 Qxg3 22. fxg3 Be6 23. d4 c6 24. g4 Nf4 25. Bf1 Rfe8 26. Kf2 a6 27. Bd2 g5 28. Rh1 Ng6 29. Be2 Rad8 30. Be3 Kg7 31. Rh2 Nf4 32. Rah1 Bg8 33. Ra1 Rd7 34. Bf1 Red8 35. Rd1 Ne6 36. Kg3 Nxd4 37. Rhd2 c5 38. b4 b6 39. bxc5 bxc5 40. Bxa6 Bb3 41. Rc1 Ne6 42. Rxd7+ Rxd7 43. Bxc5 Nf4 44. Be3 Rd6 45. Bxf4 gxf4+ 46. Kxf4 Rxa6 47. Rc7+ Kg6 48. Rb7 Ra3 49. Rb6 Bd1 50. e5 Rxf3+ 51. Ke4 Rf1 52. exf6 Rxf6 53. Rb7 Bf3+ 54. Ke3 Bxb7 0-1


[Site "https://www.chess.com"]

[Event "Titled Tuesday Blitz May 2 Late 2023"]
[White "Klimkowski, Jan"]
[Black "Meunier-Pion, Jean"]
[WhiteFideId "21856222"]
[BlackFideId "20685327"]
[WhiteElo "2331"]
[BlackElo "2124"]
[Result "1-0"]
[Round "05"]
[TimeControl "180+2"]
[Date "2023.05.02"]
[WhiteClock "0:01:20"]
[BlackClock "0:00:03"]

1. e4 c5 2. Nf3 d6 3. d4 cxd4 4. Nxd4 Nf6 5. Nc3 a6 6. Be2 e5 7. Nb3 Be7 8. O-O O-O 9. Re1 Be6 10. Bf3 Nbd7 11. a4 Rc8 12. a5 Nc5 13. Nxc5 Rxc5 14. Na4 Rc6 15. Nb6 Qc7 16. c3 h6 17. Be3 Rd8 18. Nd5 Qd7 19. Qd2 Ng4 20. Bxg4 Bxg4 21. f3 Be6 22. Rad1 Kh7 23. Bb6 Rf8 24. b3 f5 25. c4 fxe4 26. fxe4 Bg4 27. Rc1 Bg5 28. Be3 Bxe3+ 29. Nxe3 Be6 30. Rf1 Rcc8 31. Rcd1 Rxf1+ 32. Nxf1 Rd8 33. Ne3 Qc6 34. Nd5 Qc5+ 35. Kh1 Rf8 36. Ne3 Bc8 37. Qxd6 Qxd6 38. Rxd6 Rf2 39. Kg1 Re2 40. Rd3 Ra2 41. b4 Rb2 42. Nd5 Re2 43. Nc3 Rb2 44. b5 Be6 45. b6 Bxc4 46. Rd7 Rb1+ 47. Kf2 Rf1+ 48. Ke3 Rf7 49. Rc7 Bb3 50. Nd5 Rf1 51. Rxb7 Re1+ 52. Kd2 Rxe4 53. Nf6+ Kg6 54. Nxe4 Bd5 55. Rc7 Bxe4 56. b7 1-0


[Site "https://www.chess.com"]

[Event "Titled Tuesday Blitz May 2 Late 2023"]
[White "Maurizzi, Marc`Andria"]
[Black "Timmermans, Mark"]
[WhiteFideId "36083534"]
[BlackFideId "1026399"]
[WhiteElo "2421"]
[BlackElo "2460"]
[Result "1-0"]
[Round "05"]
[TimeControl "180+2"]
[Date "2023.05.02"]
[WhiteClock "0:00:02"]
[BlackClock "0:00:06"]

1. e4 e5 2. Nf3 Nc6 3. d4 exd4 4. Bc4 Nf6 5. e5 d5 6. Bb5 Ng4 7. O-O Bd7 8. Bxc6 bxc6 9. h3 h5 10. Re1 Bc5 11. Nbd2 d3 12. Rf1 f6 13. Nb3 Bb6 14. hxg4 hxg4 15. Re1 Kf7 16. e6+ Bxe6 17. Nfd4 Qd6 18. g3 Rae8 19. Bf4 Qd7 20. Qxd3 c5 21. Nxe6 Rxe6 22. c4 d4 23. f3 Qc6 24. Rxe6 Qxe6 25. Rf1 gxf3 26. Qxf3 Qxc4 27. Nd2 Qe6 28. b3 Qh3 29. Qd5+ Kg6 30. Qg2 Qe6 31. Nc4 Re8 32. a4 a5 33. Bd2 Qg4 34. Qf3 Qxf3 35. Rxf3 Re2 36. Rf2 Re8 37. Bxa5 Bxa5 38. Nxa5 Re3 39. Kg2 Rc3 40. Ra2 d3 41. Kf3 d2+ 42. Ke2 Rxg3 43. Rxd2 Kf5 44. Rd3 Rg2+ 45. Kf3 Ra2 46. Nc4 g5 47. Rd5+ Kg6 48. Rxc5 f5 49. Rxc7 Kh5 50. Ne3 Ra3 51. Nxf5 Rxb3+ 52. Ne3 Ra3 53. Rc4 Kg6 54. Ke4 Kh5 55. Nd5 g4 56. Kf5 g3 57. Rg4 Kh6 58. Nf4 Rxa4 59. Rxg3 Ra5+ 60. Kf6 Ra6+ 61. Ne6 Kh7 62. Rg4 Kh8 63. Rg5 Rb6 64. Rg6 Ra6 65. Kg5 Ra5+ 66. Kh6 Ra6 67. Rf6 Ra8 68. Ng5 Kg8 69. Nh7 Rb8 70. Ng5 Ra8 71. Rg6+ Kh8 72. Nf7# 1-0


[Site "https://www.chess.com"]

[Event "Titled Tuesday Blitz May 2 Late 2023"]
[White "Hajiyev, Kanan"]
[Black "Bryant, John Daniel"]
[WhiteFideId "13404148"]
[BlackFideId "2031280"]
[WhiteElo "2103"]
[BlackElo "2455"]
[Result "1-0"]
[Round "05"]
[TimeControl "180+2"]
[Date "2023.05.02"]
[WhiteClock "0:00:11"]
[BlackClock "0:00:01"]

1. d4 Nf6 2. Nf3 d5 3. c4 e6 4. cxd5 exd5 5. Nc3 c6 6. Qc2 g6 7. Bg5 Be7 8. e3 Bf5 9. Bd3 Bxd3 10. Qxd3 Nbd7 11. O-O O-O 12. Rab1 a5 13. Qc2 Re8 14. Bf4 Nh5 15. Bh6 Ng7 16. h3 Nf5 17. Bf4 Bd6 18. Bxd6 Nxd6 19. a3 h5 20. Rfe1 Qe7 21. Na4 Qf6 22. Nc5 Nxc5 23. dxc5 Ne4 24. Nd4 Kh8 25. b4 axb4 26. axb4 g5 27. b5 g4 28. hxg4 hxg4 29. g3 Kg7 30. Kg2 Rh8 31. Rh1 Rh3 32. Rxh3 gxh3+ 33. Kxh3 Nxf2+ 34. Kg2 Ng4 35. Qe2 Qg5 36. bxc6 Nxe3+ 37. Kf3 Ra3 38. Rb3 Rxb3 39. Nxb3 bxc6 40. Qxe3 Qf5+ 41. Kg2 Qc2+ 42. Kh3 Qf5+ 43. Kh4 Qh7+ 44. Kg4 Qc2 45. Nd4 Qc4 46. Qg5+ Kf8 47. Qf4 Kg8 48. Nf5 Qxc5 49. Qg5+ Kf8 50. Qd8# 1-0


[Site "https://www.chess.com"]